 Dungeon Crawl Stone Soup version 0.32-a0-834-geaf45d8e21 (webtiles) character file.

Game seed: 12644790577303881986

285 AstroCodex24 the Covered (level 6, -1/47 HPs)
             Began as a Vampire Fighter on Mar 26, 2024.
             Was an Initiate of Nemelex Xobeh.
             Slain by a gnoll bouda
             ... wielding a +0 club
              (4 damage)
             ... on level 4 of the Dungeon.
             The game lasted 00:04:12 (701 turns).

AstroCodex24 the Covered (Vampire Fighter)           Turns: 701, Time: 00:04:13

Health: -1/47      AC:  7    Str: 17    XL:     6   Next: 7%
Magic:  6/6        EV:  8    Int: 11    God:    Nemelex Xobeh [......]
Gold:   81         SH:  4    Dex: 13    Spells: 5/5 levels left

rFire   . . .        a - +1 war axe
rCold   . . .        c - +0 buckler
rNeg    . . .        b - +0 scale mail
rPois   .            (no helmet)
rElec   .            (no cloak)
rCorr   .            (no gloves)
SInv    +            (no boots)
Will    .....        d - amulet of faith Stlth
                     (no ring)
HPRegen 0.47/turn    (no ring)
MPRegen 0.10/turn

%: faith
@: healing quickly
A: alive, fangs 3, see invisible, vampiric 2
a: Exsanguinate, Renounce Religion, Draw Escape, Draw Destruction, Draw
Summoning


You were on level 4 of the Dungeon.
You worshipped Nemelex Xobeh.
Nemelex Xobeh was noncommittal.
You visited 1 branch of the dungeon, and saw 4 of its levels.

You collected 81 gold pieces.

Inventory:

Hand Weapons
 a - a +1 war axe (weapon)
Armour
 b - a +0 scale mail (worn)
 c - a +0 buckler (worn)
Jewellery
 d - an amulet of faith (around neck)
Scrolls
 f - a scroll of poison {unknown}
 g - 2 scrolls of identify {unknown}


   Skills:
 + Level 3.5 Fighting
 + Level 3.5 Axes
 + Level 3.7 Armour
 + Level 1.2 Dodging
 + Level 0.6 Stealth
 + Level 3.3 Shields


You had 5 spell levels left.
You didn't know any spells.
Your spell library was empty.

Dungeon Overview and Level Annotations

Branches:
Dungeon (4/15)
 Temple: D:4-7

Altars:
Nemelex Xobeh


Innate Abilities, Weirdness & Mutations

Your natural rate of healing is accelerated.
You have razor-sharp teeth.
You have supernaturally acute eyesight. (SInv)
You are afflicted with vampirism and can become a bat while bloodless.


Message History

The hobgoblin hits you but does no damage.
The gnoll hits you from afar with a +0 spear.
The gnoll hits you but does no damage.
The gnoll bouda gazes fiercely through you!
You feel your attacks grow feeble. The gnoll bouda barely misses you.
The hobgoblin closely misses you. The gnoll hits you but does no damage.
You hit the gnoll bouda.
The gnoll bouda is heavily wounded.
You closely miss the hobgoblin. You block the gnoll's attack.
The gnoll bouda barely misses you. The hobgoblin hits you.
You block the gnoll's attack.
You hit the gnoll bouda.
The gnoll bouda is severely wounded.
You barely miss the hobgoblin. The gnoll hits you but does no damage.
The gnoll bouda hits you with a +0 club!
* * * LOW HITPOINT WARNING * * *
The hobgoblin barely misses you. The gnoll barely misses you.
The gnoll hits you but does no damage.
You hit the gnoll bouda but do no damage.
The gnoll bouda is severely wounded.
You hit the hobgoblin but do no damage.
The gnoll bouda prays to its god.
The gnoll bouda is healed somewhat.
The hobgoblin closely misses you. The gnoll barely misses you.
The gnoll hits you from afar with a +0 spear.
* * * LOW HITPOINT WARNING * * *
The gnoll bouda closely misses you. The hobgoblin barely misses you.
The gnoll hits you from afar with a +0 spear.
* * * LOW HITPOINT WARNING * * *
It was a potion of cancellation.
Your magical effects are unravelling.
You feel magically purged.
Your attacks no longer feel as feeble.
The gnoll is no longer moving quickly.
The gnoll hits you from afar with a +0 spear!
* * * LOW HITPOINT WARNING * * *
The gnoll bouda hits you with a +0 club.
You die...
Your body disappears without a glow.

#[....#...............#
##.##.................#
#..####..............#
##..# #.......##....##
#...# ##.#.#.###...##
....# ..#.## ###...# ..
. ####...### ..# .
##...)..#..#. ..
#...g@......... .
......)#g...#.##.
.....gg?.#### ..
.......... ..
...........
...........#
............ .......
.....


You could see a gnoll bouda, 2 gnolls and a hobgoblin.

Vanquished Creatures
  An ogre (D:4)
  A scorpion (D:3)
  A hound (D:4)
  An orc priest (D:4)
  An orc wizard (D:4)
  A gnoll (D:4)
  2 adders (D:2)
  A dart slug (D:1)
  A ribbon worm (D:2)
  4 orcs (D:4)
  A bat (D:2)
  5 endoplasms
  A giant cockroach (D:4)
  A goblin (D:1)
  2 hobgoblins (D:1)
  A ball python (D:2)
  3 frilled lizards
  2 kobolds (D:4)
  A rat (D:1)
31 creatures vanquished.

Notes
Turn   | Place    | Note
-------+----------+-------------------------------------------
     0 | D:1      | AstroCodex24 the Vampire Fighter began the quest for the
                  | Orb.
     0 | D:1      | Reached XP level 1. HP: 17/17 MP: 1/1
    74 | D:1      | Reached XP level 2. HP: 15/23 MP: 2/2
   277 | D:2      | Gained mutation: You are afflicted with vampirism and can
                  | become a bat while bloodless. [Vampire growth]
   277 | D:2      | Reached XP level 3. HP: 26/28 MP: 3/3
   385 | D:3      | Found a sparkling altar of Nemelex Xobeh.
   389 | D:3      | Became a worshipper of Nemelex Xobeh the Trickster
   428 | D:4      | Noticed a scorpion
   446 | D:3      | Killed a scorpion
   447 | D:3      | Reached XP level 4. HP: 11/35 MP: 4/4
   504 | D:4      | Reached XP level 5. HP: 39/41 MP: 5/5
   583 | D:4      | Noticed an ogre
   594 | D:4      | Killed an ogre
   595 | D:4      | Reached skill level 1 in Dodging
   657 | D:4      | Reached XP level 6. HP: 27/47 MP: 6/6
   701 | D:4      | Slain by a gnoll bouda

Illustrated notes

Levels and vault maps discovered:
D:1:      dpeg_arrival_central, layout_rooms
D:2:      layout_basic, basic_altar, uniq_terence
D:3:      layout_basic, nemelex_diamond_rough_becter, minivault_4,
          chequers_serial_rivers_micro_e, uniq_grinder
D:4:      layout_cave_pools

Skill      XL: |  1  2  3  4  5 |
---------------+----------------+-----
Axes           | 2 3 |  3.5
Armour         | 3 |  3.7
Fighting       | 3 |  3.5
Shields        | 3 |  3.3
Dodging        | 1 |  1.2
Stealth        | |  0.6

Action                     |  1- 3 |  4- 6 || total
---------------------------+-------+-------++-------
  Melee: War axe           |    46 |    38 ||    84
         Bite              |       |     1 ||     1
    Use: Potion            |     3 |     1 ||     4
         Scroll            |     1 |       ||     1
   Stab: Invisible         |     1 |       ||     1
 Armour: Scale mail        |    53 |    48 ||   101
  Dodge: Dodged            |    21 |    31 ||    52
  Block: Buckler           |    20 |    15 ||    35

Table legend: (Time is in decaauts)
 A = Elapsed time spent in this place.
 B = Non-inter-level travel time spent in this place.
 C = Inter-level travel time spent in this place.
 D = Time resting spent in this place.
 E = Time spent auto-exploring this place.
 F = Levels seen in this place.
 G = Mean time per level.
                   A        B        C        D        E       F      G
               +--------+--------+--------+--------+--------+-----+--------+
         Total |    735 |    727 |      8 |      0 |      0 |   4 |  183.8 |
       Dungeon |    735 |    727 |      8 |      0 |      0 |   4 |  183.8 |
               +--------+--------+--------+--------+--------+-----+--------+

Top non-repeatable levels by time:
     D:4: 252 daAuts
     D:2: 170 daAuts
     D:3: 168 daAuts
     D:1: 144 daAuts
